Map: Heavy Artillery LE

Players

Massa - Winner!

  • Race: Terran Terran
  • League: Platinum
  • Spawn Location: 7:00

qqq - Winner!

  • Race: Zerg Zerg
  • League: Platinum
  • Spawn Location: 7:00

cocosik

  • Race: Terran Terran
  • Spawn Location: 3:00

gogoo

  • Race: Terran Terran
  • Spawn Location: 1:00

VOD

Have the link to the VOD?

Description

Time

  • Played on: Sept. 25, 2020, 6:06 p.m.
  • Length: 21:30
Show
View Real Time Build Order
Export as new Build Order

Massa Terran - Winner!

Build Orders:  

Get SALT Encoding   

  12  0:00  SCV  
  13  0:12  SCV  
  14  0:19  Supply Depot  
  14  0:24  SCV  
  15  0:40  SCV  
  16  0:53  SCV  
  17  0:58  Barracks  
  17  1:11  Barracks  
  17  1:12  Barracks  
  17  1:25  SCV  
  18  1:29  Refinery  
  18  1:37  SCV  
  19  1:47  Marine  
  19  1:49  Barracks  
  20  1:57  Orbital Command  
  20  1:59  Marine  
  21  2:05  Marine x2  
  23  2:11  Bunker  
  23  2:31  Supply Depot  
  23  2:52  Factory, Marine x4  
  27  3:10  Marine x3  
  27  3:12  Marine  
  31  3:36  Supply Depot  
  31  3:39  Supply Depot  
  31  3:40  Supply Depot  
  31  3:42  Factory Tech Lab  
  31  3:53  Starport  
  31  3:58  Marine x4  
  35  4:15  Marine x4  
  39  4:36  Liberator  
  41  4:54  Engineering Bay  
  41  4:57  Command Center  
  41  4:58  Supply Depot  
  41  5:11  Command Center  
  41  5:23  Siege Tank  
  41  5:55  Liberator  
  41  6:29  Orbital Command x2  
  41  6:30  Refinery, SCV  
  42  6:42  SCV  
  43  6:55  SCV  
  34  7:07  SCV  
  31  7:10  Siege Tank  
  34  7:19  SCV  
  34  8:01  Barracks Tech Lab  
  34  8:02  Barracks Tech Lab  
  34  8:05  Barracks Reactor  
  34  8:06  Barracks Reactor  
  31  8:23  SCV x3  
  31  8:26  Bunker  
  34  8:30  Stimpack  
  34  8:31  Combat Shield  
  34  8:34  Marauder  
  36  8:35  SCV x3, Marauder  
  41  8:45  Marine x4  
  45  8:55  Marauder  
  47  8:56  Marauder  
  49  9:03  Marine x4  
  49  9:07  Refinery  
  52  9:10  Missile Turret  
  52  9:16  Marine  
  52  9:17  Marine  
  52  9:20  Marine  
  52  9:21  Marine x3  
  57  9:32  Missile Turret  
  57  9:34  Marine  
  57  9:35  Marine  
  57  9:37  Liberator  
  62  9:38  Marine x2  
  62  9:39  Marine x2  
  62  9:41  SCV x3  
  69  9:52  Marine x2  
  70  9:53  SCV x3, Missile Turret  
  74  10:01  Factory  
  74  10:04  Factory  
  74  10:05  SCV x2  
  54  11:15  Marauder x2, Marine  
  54  11:16  Marine x3  
  59  11:26  Orbital Command  
  59  11:33  Marine x4  
  59  11:34  Liberator  
  59  11:36  Marauder  
  59  11:37  Marauder  
  70  11:45  Factory Tech Lab x2  
  70  11:48  Refinery  
  70  11:50  Terran Infantry Weapons Level 1  
  70  11:51  Marine x4, Command Center  
  74  11:56  Engineering Bay  
  74  11:57  Armory  
  74  11:58  Marauder x2  
  74  11:59  Armory  
  78  12:02  Missile Turret  
  78  12:03  SCV  
  78  12:04  SCV x2  
  81  12:09  Marine x4  
  81  12:10  Concussive Shells  
  85  13:03  Liberator, Marauder x2, Marine x3, SCV x3  
  93  13:11  Marine  
  93  13:15  SCV x3  
  91  13:25  Marauder x2  
  95  13:27  SCV  
  95  13:31  Siege Tank  
  95  13:33  Marine  
  100  13:39  Supply Depot  
  100  13:41  Supply Depot  
  100  14:00  Orbital Command, Command Center  
  100  14:01  Marauder x2, Marine, Siege Tank  
  108  14:03  SCV x3, Siege Tank  
  108  14:04  Supply Depot  
  108  14:05  Supply Depot  
  114  14:15  SCV x2  
  114  14:16  Command Center  
  116  14:25  SCV  
  116  14:26  Marauder x2  
  116  14:27  SCV x2  
  116  14:29  Supply Depot x2  
  123  14:33  SCV, Siege Tank  
  123  14:35  Missile Turret  
  123  14:36  Missile Turret  
  123  14:37  SCV  
  128  14:39  SCV  
  128  14:40  SCV  
  131  14:45  SCV  
  131  14:49  Starport Reactor  
  131  14:50  SCV  
  131  14:51  SCV, Marauder x2  
  131  14:52  SCV  
  138  14:53  Supply Depot  
  138  14:54  Supply Depot  
  138  14:55  Missile Turret  
  138  14:56  Missile Turret  
  138  14:57  SCV  
  139  15:00  Missile Turret  
  139  15:02  SCV  
  139  15:03  SCV, Missile Turret  
  139  15:04  Terran Vehicle And Ship Armor Level 1, Terran Vehicle Weapons Level 1  
  139  15:05  Terran Infantry Armor Level 1, Terran Infantry Weapons Level 2  
  141  15:12  Marauder x2  
  145  15:18  Missile Turret, Supply Depot x2  
  145  15:23  Missile Turret x2  
  145  15:29  Viking x2  
  149  15:38  Thor x2  
  161  15:44  Missile Turret x2  
  161  15:47  Refinery  
  161  15:49  Refinery  
  161  15:56  Marine x6  
  167  15:59  Viking x2  
  171  16:05  Missile Turret  
  162  16:13  Marine  
  162  16:14  Marine x5  
  163  16:24  Thor  
  169  16:29  Viking x2  
  171  17:01  Viking x2  
  171  17:08  Missile Turret  
  175  17:15  Missile Turret  
  175  17:16  Terran Infantry Armor Level 2  
  175  17:28  Missile Turret  
  175  17:30  Refinery  
  175  17:31  Viking x2  
  175  17:32  Refinery  
  175  17:34  Missile Turret  
  179  17:43  Refinery  
  179  17:44  Refinery  
  179  17:48  Missile Turret  
  179  17:55  Missile Turret  
  176  18:01  Viking x2  
  168  18:08  Missile Turret  
  168  18:16  Missile Turret  
  165  18:27  Planetary Fortress  
  165  18:29  Missile Turret  
  162  18:36  Missile Turret  
  162  18:49  Missile Turret  
  162  19:09  Missile Turret  
  156  19:15  Viking x2  
  145  19:29  Missile Turret  
  139  19:45  Viking x2  
  139  19:48  Missile Turret  
  123  20:23  Marauder x2  
  123  20:24  Marine x4  
  131  20:31  Ghost Academy  
  131  20:32  Orbital Command  
  92  20:45  Marauder x2  
  79  21:02  Ghost Academy  
  79  21:03  Marine x4  
  83  21:06  Marauder x2  
  87  21:16  SCV x4  
  87  21:18  Command Center  
  91  21:22  Missile Turret x2  
Show
View Real Time Build Order
Export as new Build Order

qqq Zerg - Winner!

Build Orders: Pool First, Swarm Host 

Get SALT Encoding   

  12  0:00  Drone  
  13  0:08  Drone  
  14  0:29  Spawning Pool  
  14  0:32  Drone  
  14  0:41  Overlord  
  14  0:46  Extractor  
  13  1:10  Drone x2  
  13  1:11  Drone  
  16  1:18  Queen  
  18  1:30  Zergling x2  
  19  1:39  Zergling x2  
  20  1:45  Zergling x2  
  21  1:55  Zergling x2  
  22  2:02  Metabolic Boost  
  22  2:16  Hatchery  
  22  2:19  Zergling x2  
  22  2:30  Overlord  
  22  2:48  Zergling x4  
  22  2:49  Zergling x4  
  26  2:58  Pneumatized Carapace  
  26  3:09  Zergling x2  
  26  3:10  Zergling x2  
  27  3:16  Drone x3  
  30  3:33  Overlord  
  30  3:34  Zergling x2  
  30  3:38  Drone  
  32  3:43  Spine Crawler  
  31  4:01  Queen  
  33  4:12  Drone  
  33  4:13  Drone  
  33  4:15  Hatchery  
  34  4:18  Zergling x2  
  34  4:22  Zergling x2  
  36  4:57  Zergling x6  
  39  5:02  Overlord  
  39  5:06  Drone  
  40  5:07  Hatchery  
  39  5:24  Zergling x6  
  39  5:25  Zergling x4  
  39  5:27  Drone  
  44  6:01  Roach Warren  
  44  6:02  Drone x2  
  44  6:03  Drone x2  
  47  6:04  Extractor  
  38  6:18  Zergling x8  
  28  6:19  Drone  
  28  6:20  Drone x3  
  28  6:22  Drone  
  35  6:28  Zergling x2  
  35  6:29  Drone  
  35  6:31  Drone  
  38  6:34  Drone  
  39  6:40  Drone  
  39  6:42  Zergling x2  
  39  6:43  Zergling x2  
  39  6:45  Drone  
  40  7:07  Roach x5  
  48  7:11  Drone x4  
  48  7:12  Drone  
  53  7:19  Roach  
  53  7:22  Lair  
  49  7:54  Roach x3  
  49  7:55  Drone x2  
  57  7:59  Overlord  
  57  8:00  Overlord x3  
  57  8:19  Zergling x4  
  60  8:20  Zergling x8  
  60  8:24  Hatchery  
  60  8:25  Glial Reconstitution  
  62  8:28  Roach  
  64  8:35  Queen  
  64  8:39  Roach  
  64  8:40  Zergling x2, Roach  
  71  8:44  Drone x3  
  71  8:45  Drone  
  75  9:04  Infestation Pit  
  75  9:06  Evolution Chamber  
  73  9:16  Hatchery  
  70  9:23  Drone x6  
  70  9:24  Drone  
  77  9:30  Roach  
  77  9:31  Roach x2  
  83  9:32  Drone  
  83  9:33  Drone x2  
  86  9:41  Drone x4  
  86  9:42  Queen  
  92  9:48  Ravager  
  92  9:49  Ravager x3  
  92  9:51  Overlord  
  96  9:53  Overlord  
  96  9:55  Extractor  
  96  9:57  Extractor  
  96  9:58  Overlord  
  94  10:13  Roach  
  94  10:14  Roach x4  
  104  10:15  Drone x6  
  104  10:19  Spore Crawler  
  104  10:20  Spine Crawler, Spore Crawler  
  107  10:21  Spine Crawler  
  107  10:24  Spore Crawler  
  102  10:40  Roach x3  
  102  10:41  Roach x4  
  102  10:42  Drone x4  
  110  10:53  Nydus Network, Swarm Host x2  
  110  10:55  Drone x2  
  103  11:15  Swarm Host x4  
  103  11:16  Swarm Host x2  
  121  11:22  Drone x4  
  121  11:23  Drone  
  126  11:45  Overlord  
  126  11:46  Overlord x5  
  126  12:04  Nydus Canal  
  125  12:09  Swarm Host x4  
  125  12:11  Zergling x4  
  125  12:12  Drone  
  125  12:13  Drone x7  
  125  12:14  Zergling x2  
  151  12:39  Nydus Canal  
  151  12:46  Drone  
  151  12:47  Drone x6  
  151  12:48  Zergling x4  
  151  12:50  Roach x6  
  172  12:52  Roach  
  172  12:53  Overlord x3  
  174  13:19  Hatchery  
  159  13:30  Swarm Host  
  159  13:31  Swarm Host x4  
  173  13:35  Roach  
  173  13:36  Drone x2, Zergling x6  
  173  13:37  Drone x4  
  184  13:46  Burrow  
  184  13:54  Overlord x2  
  184  13:55  Overlord x2  
  149  14:24  Roach x2  
  149  14:25  Drone, Roach x2  
  149  14:26  Drone x5  
  163  14:31  Extractor x2  
  157  14:47  Hatchery  
  139  14:59  Drone x3  
  142  15:02  Spore Crawler  
  142  15:03  Spore Crawler  
  142  15:04  Spore Crawler  
  142  15:05  Spore Crawler  
  142  15:06  Spore Crawler  
  137  15:07  Spore Crawler  
  137  15:08  Spore Crawler  
  137  15:10  Spore Crawler, Hive  
  134  15:14  Spire, Spore Crawler  
  134  15:16  Spore Crawler x2  
  134  15:17  Spore Crawler  
  134  15:19  Spore Crawler  
  128  15:21  Spore Crawler x2  
  128  15:22  Drone x2  
  128  15:23  Drone x6  
  128  15:24  Spore Crawler  
  133  15:37  Nydus Canal  
  133  15:44  Spore Crawler  
  133  15:45  Spore Crawler  
  129  15:50  Spore Crawler  
  121  15:58  Spore Crawler  
  121  15:59  Drone x4  
  121  16:00  Drone x6  
  127  16:18  Roach x5  
  127  16:19  Roach  
  104  16:57  Drone x3  
  107  17:02  Roach x3  
  107  17:03  Spine Crawler, Roach x3  
  107  17:05  Spine Crawler  
  117  17:08  Extractor  
  117  17:09  Extractor  
  117  17:14  Drone x2  
  117  17:15  Drone  
  118  17:18  Drone x2  
  118  17:19  Drone  
  118  17:21  Drone  
  122  17:30  Hatchery  
  122  17:33  Hatchery  
  122  17:36  Corruptor x3  
  122  17:37  Corruptor x5  
  122  17:40  Zerg Ground Armor Level 1  
  136  17:51  Drone x2  
  136  17:52  Drone x4  
  142  18:01  Swarm Host x5  
  142  18:04  Viper  
  160  18:20  Drone x5  
  160  18:21  Drone x5  
  170  18:30  Spine Crawler x2, Viper x4  
  170  18:31  Spine Crawler  
  170  18:33  Roach x3  
  185  18:39  Zerg Flyer Weapons Level 1  
  177  19:23  Nydus Canal  
  177  19:25  Zergling x4  
  177  19:26  Zergling x2, Swarm Host x3  
  177  19:27  Swarm Host x2  
  193  19:32  Drone  
  193  19:33  Overlord x4  
  193  19:34  Zerg Melee Weapons Level 1  
  187  19:42  Nydus Canal  
  183  19:58  Hatchery  
  157  20:35  Hatchery  
  156  20:42  Hatchery  
  155  20:50  Hatchery  
  155  20:54  Hatchery  
Show
View Real Time Build Order
Export as new Build Order

cocosik Terran 

Build Orders: 2 Factory 

Get SALT Encoding   

  12  0:01  SCV  
  13  0:18  SCV  
  13  0:19  Supply Depot  
  14  0:30  SCV  
  14  0:34  Refinery  
  15  0:42  SCV  
  16  0:47  Barracks  
  16  0:54  SCV  
  17  1:06  SCV  
  18  1:17  Refinery  
  18  1:19  SCV  
  19  1:31  SCV  
  20  1:40  Marine  
  20  1:43  SCV  
  20  1:44  Factory  
  22  1:55  SCV  
  23  2:08  Supply Depot  
  23  2:28  Factory Tech Lab  
  23  2:29  SCV, Marine  
  25  2:31  Barracks  
  25  2:36  Factory  
  25  2:41  SCV  
  26  2:47  Marine, Siege Tank  
  30  2:51  Supply Depot  
  30  2:53  SCV  
  31  3:12  Marine  
  31  3:15  Supply Depot  
  31  3:19  Siege Tank  
  35  3:20  Orbital Command  
  35  3:27  Factory Reactor  
  35  4:06  Command Center  
  35  4:10  Barracks Reactor  
  35  4:11  Barracks Reactor  
  35  4:13  Widow Mine  
  35  4:14  Widow Mine  
  39  4:22  Starport  
  39  4:35  Widow Mine  
  41  4:51  Widow Mine  
  41  4:52  Siege Tank  
  46  4:57  SCV  
  47  5:03  Supply Depot  
  47  5:18  SCV, Medivac  
  50  5:23  Marine x2  
  52  5:30  SCV  
  53  5:41  Marine x2  
  55  5:48  Medivac, Supply Depot  
  57  5:59  Marine x2  
  59  6:07  Marine  
  59  6:08  Marine  
  59  6:11  Supply Depot  
  61  6:16  Marine  
  61  6:17  Marine  
  63  6:25  Marine  
  63  6:26  Marine  
  63  6:27  SCV  
  63  6:32  SCV  
  67  6:34  Marine  
  67  6:39  SCV  
  69  6:43  Marine  
  69  6:44  SCV, Marine  
  69  6:45  Refinery  
  72  6:51  SCV  
  73  6:56  SCV  
  72  7:03  SCV  
  73  7:08  SCV  
  72  7:50  Marine x2  
  72  7:51  Marine x2  
  69  7:55  Medivac  
  72  8:08  Marine x3  
  72  8:09  Marine  
  72  8:11  Widow Mine  
  80  8:13  Widow Mine x2  
  80  8:18  SCV  
  83  8:20  SCV  
  83  8:24  Refinery  
  83  8:25  Medivac  
  86  8:34  Supply Depot  
  86  8:49  Barracks  
  76  8:55  SCV x2, Medivac  
  90  8:56  Widow Mine  
  90  8:57  Supply Depot  
  92  9:07  SCV x2  
  94  9:19  SCV  
  94  9:22  Supply Depot  
  95  9:35  Command Center  
  75  10:41  Marine x3  
  75  10:42  Marine x2  
  60  10:43  Command Center  
  60  10:45  Widow Mine x3  
  60  10:46  Command Center  
  60  10:49  Starport Tech Lab  
  66  10:52  Armory  
  66  10:55  Starport  
  66  10:57  SCV  
  66  10:59  Marine x5  
  72  11:06  Siege Tank  
  72  11:09  SCV  
  76  11:17  Marine x5  
  80  11:20  Widow Mine x2  
  80  11:21  SCV  
  85  11:30  Refinery  
  85  11:31  Refinery  
  85  11:34  Marine  
  85  11:35  Marine x4  
  85  11:38  Siege Tank  
  93  11:40  Fusion Core  
  93  11:41  Starport, Starport Tech Lab  
  93  11:54  Marine  
  93  11:55  Marine x4  
  93  11:57  Widow Mine x2  
  102  12:12  Marine x2  
  102  12:13  Marine x3  
  107  12:30  Marine x3  
  110  12:54  SCV  
  99  13:06  SCV  
  91  13:21  Battlecruiser x2  
  91  13:22  Starport Tech Lab  
  84  13:44  Battlecruiser  
  90  13:50  Command Center  
  90  13:51  Widow Mine  
  90  13:52  Widow Mine  
  81  14:13  Widow Mine x2  
  81  14:16  Weapon Refit  
  79  14:18  Marine x2  
  79  14:19  Marine x2  
  79  14:25  Battlecruiser x2  
  90  14:34  Supply Depot  
  90  14:37  Marine  
  84  14:48  Battlecruiser  
  90  14:53  SCV  
  90  14:56  Supply Depot  
  91  15:03  SCV  
  91  15:05  SCV  
  93  15:15  SCV  
  93  15:16  SCV  
  93  15:17  SCV  
  96  15:28  SCV x2  
  98  15:29  SCV, Battlecruiser  
  105  15:40  SCV x2  
  107  15:52  SCV x2  
  109  16:04  SCV  
  104  16:18  Battlecruiser  
  104  16:21  Battlecruiser  
  116  16:34  Battlecruiser  
  116  16:37  Refinery  
  116  16:38  SCV  
  116  16:39  Refinery  
  123  16:51  SCV  
  118  17:03  SCV  
  119  17:15  SCV  
  120  17:23  Battlecruiser  
  120  17:24  Armory  
  120  17:25  Battlecruiser  
  120  17:27  SCV  
  133  17:36  Command Center  
  133  17:38  Battlecruiser  
  133  17:39  SCV  
  116  18:49  Marine x5  
  121  19:06  Marine  
  121  19:07  Marine x4  
  115  19:24  Marine  
  115  19:25  Marine x4  
  105  19:40  SCV x2  
  105  19:42  Marine x3  
  105  19:43  Marine x2  
  108  19:52  SCV x2  
  110  20:00  Marine x4  
  110  20:01  Marine  
  110  20:04  SCV x2  
  117  20:12  Battlecruiser x2  
  117  20:13  Battlecruiser  
  135  20:18  Marine x4  
  135  20:19  Marine  
  132  20:35  Marine  
  132  20:36  Marine x3  
  132  20:37  Marine  
  94  20:53  Marine  
  94  20:54  Marine x4  
  85  21:11  Marine  
  85  21:12  Marine x3  
Show
View Real Time Build Order
Export as new Build Order

gogoo Terran 

Build Orders:  

Get SALT Encoding   

  12  0:01  SCV  
  13  0:13  SCV  
  14  0:20  Supply Depot  
  14  0:25  SCV  
  15  0:41  SCV  
  16  0:43  Barracks  
  16  0:53  SCV  
  17  1:12  Refinery  
  17  1:14  Barracks  
  16  1:41  SCV  
  17  1:47  Marine  
  17  1:54  SCV  
  19  2:04  Marine  
  19  2:05  Barracks  
  19  2:06  SCV  
  21  2:09  Barracks  
  21  2:10  Barracks  
  21  2:11  Supply Depot  
  20  2:18  Supply Depot  
  20  2:20  SCV  
  21  2:23  Marine  
  21  2:28  Marine  
  23  2:32  SCV  
  24  2:44  Marine  
  24  2:46  Marine  
  26  2:53  Marine  
  26  2:55  Refinery  
  26  2:56  Marine  
  26  2:58  Marine  
  29  3:02  Marine  
  30  3:08  Marine  
  30  3:11  Marine  
  32  3:14  Barracks Tech Lab  
  32  3:19  Orbital Command  
  32  3:21  Marine  
  32  3:23  Marine  
  32  3:26  Marine  
  35  3:33  Combat Shield  
  35  3:41  Supply Depot  
  35  3:48  Engineering Bay  
  35  4:02  Marine  
  35  4:03  Marine x3  
  35  4:07  Marine  
  40  4:14  Terran Infantry Weapons Level 1  
  40  4:20  Marine x2  
  42  4:24  Marine  
  42  4:27  Marine  
  42  4:30  Marine  
  45  4:38  Marine x2  
  47  4:52  Factory  
  47  4:54  Stimpack  
  47  5:05  Supply Depot  
  47  5:26  Marine x3  
  47  5:27  Supply Depot  
  48  5:46  Marine x5  
  53  5:50  Widow Mine  
  55  6:04  Marine x5  
  32  6:21  Marine  
  32  6:22  Marine  
  37  6:31  Barracks Reactor x3  
  34  6:34  Factory Tech Lab  
  34  6:39  Factory  
  30  7:30  Marine x8  
  38  7:47  Marine  
  38  7:48  Marine x7  
  44  7:53  Factory Tech Lab  
  44  7:54  Siege Tank  
  47  8:05  Marine  
  47  8:06  Marine x7  
  53  8:23  Marine x2  
  53  8:24  Marine  
  56  8:45  Marine x7  
  63  9:07  Command Center  
  63  9:08  Marine  
  63  9:09  Marine x2  
  63  9:10  Marine  
  63  9:11  Marine  
  63  9:14  Marine  
  57  9:56  Armory  
  57  10:01  Terran Infantry Armor Level 1  
  57  10:43  Planetary Fortress  
  57  10:45  Thor x2  
  58  11:26  SCV  
  58  11:30  Refinery  
  58  11:31  Marine x6  
  58  11:32  Refinery, Marine  
  66  11:33  Marine  
  66  11:38  SCV  
  68  11:47  Terran Vehicle Weapons Level 1  
  68  11:50  SCV  
  69  12:03  SCV  
  70  12:15  SCV  
  71  12:27  SCV  
  72  12:39  SCV  
  74  12:51  SCV  
  74  12:56  Supply Depot  
  74  13:05  Thor  
  78  13:17  Thor  
  78  13:19  Supply Depot  
  83  13:42  Supply Depot  
  83  13:48  Siege Tank  
  86  13:53  Marine  
  86  13:54  Marine x7  
  94  14:02  Siege Tank  
  87  14:11  Marine  
  87  14:12  Marine x6  
  94  14:41  Marine  
  94  14:42  Marine x2  
  94  14:44  Marine x3  
  94  14:45  Marine x2  
  94  14:46  Thor  
  94  14:48  Thor  
  88  14:59  Marine  
  77  15:00  Marine  
  77  15:02  Marine x2  
  77  15:03  SCV  
  77  15:04  SCV  
  82  15:15  SCV  
  82  15:16  SCV  
  82  15:28  SCV  
  83  15:40  SCV  
  84  15:49  Thor  
  90  15:51  Marine  
  90  15:52  Marine x2  
  92  16:12  Thor  
  76  16:32  Thor  
  82  16:55  Thor  
  76  17:04  Supply Depot  
  76  17:08  Marine  
  76  17:09  Marine x4  
  76  17:15  Thor  
  87  17:27  Supply Depot  
  87  17:38  Thor  
  93  17:50  Supply Depot  
  93  17:54  Marine, Command Center  
  93  17:55  Marine x7  
  101  18:12  Marine x2, Supply Depot  
  102  18:13  Marine x3  
  106  18:37  Command Center  
  48  20:15  Marine  
  48  20:16  Marine x7, Thor  
  48  20:17  Thor  
  26  20:33  Marine  
  26  20:34  Marine x5  
  24  21:09  Command Center  
Tags
 
Add a new tag
Caveats
  • Supply blocks, unpowered buildings, or Contaminate may cause inaccurate times.
  • Supply counts are checked every 10 seconds.